Map: Blackburn LE

Players

Rohin

  • Race: Protoss Protoss
  • League: Master

JulianaBonde - Winner!

  • Race: Zerg Zerg
  • League: Grandmaster

VOD

Have the link to the VOD?

Description

Time

  • Played on: Feb. 27, 2022, 12:58 p.m.
  • Length: 14:57
Show
View Real Time Build Order
Export as new Build Order

Rohin Protoss 

Build Orders: 1 Gate Expand, Archon Immortal, Mass Adepts 

Get SALT Encoding   

  12  0:00  Probe  
  13  0:12  Probe  
  14  0:22  Pylon  
  14  0:24  Probe  
  15  0:40  Probe (Chrono Boost)  
  16  0:43  Gateway  
  17  0:51  Probe (Chrono Boost)  
  17  0:54  Assimilator  
  17  0:56  Probe (Chrono Boost)  
  18  1:06  Probe  
  19  1:19  Probe  
  20  1:35  Nexus  
  20  1:39  Cybernetics Core  
  20  1:41  Probe  
  21  1:51  Assimilator  
  21  1:53  Probe  
  22  1:58  Pylon  
  22  2:05  Probe  
  23  2:13  Adept (Chrono Boost)  
  23  2:15  Warp Gate (Chrono Boost)  
  23  2:17  Probe (Chrono Boost)  
  26  2:25  Gateway  
  26  2:27  Probe (Chrono Boost)  
  27  2:32  Probe (Chrono Boost)  
  27  2:36  Stalker  
  30  2:44  Probe  
  31  2:47  Probe  
  32  2:56  Gateway  
  32  2:59  Probe  
  32  3:01  Probe  
  34  3:06  Adept  
  34  3:11  Probe, Pylon  
  34  3:12  Adept  
  39  3:18  Probe  
  39  3:19  Pylon  
  40  3:23  Probe  
  41  3:30  Probe  
  41  3:33  Twilight Council  
  42  3:36  Probe  
  43  3:43  Probe  
  44  3:48  Nexus  
  44  3:57  Adept x2  
  44  3:59  Adept  
  44  4:02  Probe x2  
  52  4:08  Pylon  
  52  4:09  Resonating Glaives (Chrono Boost)  
  52  4:14  Probe (Chrono Boost)  
  52  4:15  Probe (Chrono Boost)  
  56  4:24  Probe (Chrono Boost)  
  56  4:25  Probe (Chrono Boost)  
  56  4:28  Adept x3  
  56  4:29  Probe (Chrono Boost)  
  56  4:31  Probe  
  63  4:37  Pylon  
  64  4:40  Probe  
  64  4:43  Probe  
  66  4:48  Assimilator  
  66  4:52  Adept x2  
  70  4:54  Assimilator  
  70  4:55  Probe  
  70  4:56  Probe, Adept  
  74  5:00  Probe  
  75  5:07  Probe  
  75  5:08  Probe  
  75  5:12  Probe  
  78  5:16  Adept x2  
  78  5:20  Stargate  
  78  5:21  Stargate  
  76  5:31  Probe x2  
  76  5:32  Probe  
  79  5:38  Shield Battery  
  79  5:40  Dark Shrine  
  79  5:41  Adept x2  
  79  5:42  Adept  
  85  5:43  Probe  
  85  5:44  Probe x2  
  88  5:55  Probe  
  88  5:56  Probe x2  
  91  5:59  Pylon  
  91  6:00  Pylon  
  91  6:03  Pylon  
  91  6:08  Probe  
  91  6:09  Probe x2  
  90  6:14  Phoenix x2 (Chrono Boost)  
  90  6:20  Probe  
  90  6:21  Probe, Assimilator  
  90  6:22  Pylon  
  90  6:25  Robotics Facility, Assimilator  
  92  6:26  Probe  
  92  6:29  Charge (Chrono Boost)  
  92  6:30  Phoenix x2 (Chrono Boost)  
  92  6:32  Probe  
  98  6:33  Probe  
  99  6:45  Gateway  
  99  6:47  Gateway  
  99  6:50  Gateway  
  99  6:52  Gateway, Zealot x3  
  105  6:54  Phoenix (Chrono Boost)  
  109  7:03  Phoenix (Chrono Boost)  
  109  7:10  Phoenix (Chrono Boost)  
  109  7:12  Observer  
  112  7:21  Phoenix  
  110  7:32  Nexus  
  110  7:33  Pylon  
  110  7:34  Pylon, Immortal (Chrono Boost)  
  114  7:37  Zealot  
  114  7:38  Zealot x2  
  117  7:51  Zealot x4  
  117  7:57  Probe x3  
  122  7:59  Shadow Stride  
  120  8:07  Immortal (Chrono Boost)  
  120  8:08  Pylon  
  120  8:10  Pylon  
  120  8:11  Gateway  
  120  8:12  Pylon  
  124  8:14  Gateway  
  124  8:28  Zealot  
  124  8:29  Dark Templar x6  
  138  8:38  Warp Prism (Chrono Boost)  
  139  8:46  Probe x3  
  139  8:47  Probe  
  141  8:57  Shield Battery  
  141  9:06  Dark Templar x5  
  141  9:07  Dark Templar x2, Forge  
  141  9:08  Forge, Zealot  
  141  9:09  Zealot  
  159  9:13  Immortal (Chrono Boost), Archon x4  
  159  9:14  Archon x2  
  155  9:30  Probe  
  152  9:45  Immortal  
  142  9:54  Zealot x4  
  142  9:55  Zealot x5  
  140  10:05  Probe x2  
  140  10:06  Probe x2  
  140  10:14  Protoss Ground Armor Level 1 (Chrono Boost), Protoss Ground Weapons Level 1 (Chrono Boost)  
  140  10:17  Probe x2  
  140  10:18  Probe x2  
  140  10:20  Dark Templar x4  
  140  10:21  Dark Templar x2  
  154  10:25  Immortal  
  147  10:29  Probe x2  
  147  10:30  Probe  
  147  10:31  Probe  
  147  10:39  Zealot x3  
  147  10:40  Shield Battery  
  153  10:48  Blink (Chrono Boost)  
  151  10:56  Stalker x2  
  151  10:57  Stalker x4  
  145  11:04  Immortal  
  141  11:18  Dark Templar x3  
  111  11:28  Dark Templar  
  111  11:29  Dark Templar  
  111  11:30  Zealot x6  
  105  11:42  Assimilator  
  105  11:45  Robotics Bay  
  105  11:50  Assimilator  
  105  11:51  Nexus, Stalker x7  
  119  11:56  Immortal (Chrono Boost)  
  119  11:59  Shield Battery  
  123  12:03  Pylon  
  123  12:10  Protoss Ground Weapons Level 2 (Chrono Boost)  
  123  12:11  Protoss Ground Armor Level 2 (Chrono Boost)  
  123  12:17  Zealot x3  
  123  12:18  Zealot x5  
  139  12:24  Probe x4  
  139  12:36  Probe x2, Disruptor (Chrono Boost)  
  140  12:43  Robotics Facility  
  134  12:49  Stalker x2  
  138  12:53  Probe  
  138  12:55  Stalker x2  
  138  12:56  Probe x2  
  143  13:01  Probe  
  138  13:05  Probe  
  138  13:08  Dark Templar x3  
  143  13:17  Disruptor  
  143  13:19  Probe x3  
  149  13:28  Pylon  
  149  13:29  Stalker x4  
  149  13:32  Disruptor, Shield Battery  
  138  13:53  Disruptor  
  110  14:04  Dark Templar x2  
  110  14:05  Dark Templar x3  
  110  14:06  Zealot x3  
  110  14:07  Zealot  
  110  14:08  Disruptor  
  113  14:34  Archon x2  
  112  14:40  Stalker x2  
  112  14:41  Stalker x6  
  110  14:46  Zealot  
Show
View Real Time Build Order
Export as new Build Order

JulianaBonde Zerg - Winner!

Build Orders: Hatch First 

Get SALT Encoding   

  12  0:00  Drone  
  13  0:12  Overlord  
  13  0:17  Drone  
  14  0:31  Drone  
  14  0:32  Drone  
  16  0:51  Hatchery  
  16  0:52  Drone  
  16  0:55  Drone  
  17  0:59  Drone  
  18  1:10  Extractor  
  17  1:14  Spawning Pool  
  17  1:18  Drone  
  17  1:21  Drone  
  18  1:28  Drone  
  19  1:40  Drone  
  20  1:52  Overlord  
  20  2:02  Queen  
  20  2:03  Queen  
  20  2:04  Zergling x4  
  26  2:13  Metabolic Boost  
  26  2:16  Drone x2  
  28  2:23  Drone  
  28  2:25  Drone  
  30  2:38  Hatchery  
  30  2:41  Drone x2  
  31  2:48  Queen  
  33  2:54  Overlord  
  33  2:57  Drone  
  34  2:59  Drone  
  34  3:01  Drone  
  36  3:12  Overlord  
  36  3:15  Queen  
  36  3:16  Drone  
  36  3:17  Drone  
  36  3:18  Drone  
  41  3:20  Drone  
  41  3:22  Drone  
  41  3:24  Drone  
  44  3:29  Queen  
  46  3:41  Roach Warren  
  45  3:43  Overlord  
  45  3:44  Drone x2  
  45  3:45  Drone  
  45  3:47  Zergling x2  
  49  3:53  Drone x4  
  53  4:00  Queen  
  55  4:05  Extractor  
  53  4:12  Zergling x6  
  53  4:13  Zergling x10  
  61  4:19  Overlord  
  61  4:21  Roach x2  
  65  4:30  Spore Crawler x2  
  63  4:42  Ravager, Spore Crawler  
  63  4:43  Roach  
  65  4:47  Overlord x4  
  65  4:54  Overlord  
  65  5:06  Ravager x2  
  68  5:07  Drone  
  69  5:14  Drone x5  
  69  5:15  Drone x5  
  69  5:21  Evolution Chamber  
  77  5:25  Drone x2  
  77  5:27  Drone  
  78  5:35  Roach x2  
  81  5:36  Lair  
  82  5:42  Extractor, Drone  
  82  5:43  Drone x2  
  82  5:44  Extractor, Overlord  
  82  5:47  Roach  
  82  5:48  Roach x2  
  88  5:53  Drone x3  
  88  5:57  Drone  
  88  6:05  Drone x2  
  82  6:17  Drone x5  
  82  6:18  Drone x2  
  87  6:19  Drone x3  
  87  6:22  Extractor, Zerg Missile Weapons Level 1  
  87  6:23  Extractor  
  88  6:31  Drone x2  
  88  6:32  Drone x3  
  91  6:33  Hatchery  
  91  6:35  Drone, Glial Reconstitution  
  91  6:37  Overseer  
  91  6:38  Drone x2  
  93  6:44  Drone x5  
  98  6:51  Roach x2  
  101  6:56  Roach x4  
  101  6:59  Baneling Nest  
  108  7:06  Overlord x2  
  108  7:15  Spire  
  105  7:24  Overlord x3  
  105  7:25  Overlord x2  
  105  7:26  Drone  
  106  7:32  Queen x2  
  106  7:35  Overlord  
  110  7:39  Queen  
  108  7:53  Drone x3  
  108  8:07  Roach x12  
  108  8:09  Roach  
  132  8:33  Corruptor x5  
  132  8:34  Corruptor  
  140  8:40  Corruptor x2  
  146  8:53  Ravager x9  
  152  9:03  Overlord x2  
  152  9:04  Overlord x3  
  152  9:07  Overlord  
  152  9:10  Zerg Missile Weapons Level 2  
  152  9:19  Spore Crawler x2  
  150  9:27  Roach x8  
  166  9:43  Roach x5  
  155  9:55  Roach x9  
  168  10:01  Roach  
  157  10:18  Roach  
  157  10:19  Roach x6  
  167  10:35  Overseer x3  
  147  10:37  Roach x6  
  151  10:45  Roach x3  
  145  11:02  Roach x2  
  145  11:03  Roach x4  
  153  11:04  Ravager x5  
  158  11:11  Roach x2  
  120  11:27  Roach x4  
  107  11:44  Roach x3  
  107  11:45  Hatchery, Roach x2  
  107  11:46  Hatchery  
  115  11:50  Spawning Pool  
  114  12:00  Roach x4  
  122  12:06  Ravager x4  
  122  12:08  Roach x2  
  130  12:09  Roach  
  130  12:13  Overlord x3  
  132  12:24  Roach  
  132  12:25  Roach x4  
  142  12:34  Roach x3  
  142  12:35  Roach x3  
  154  12:44  Roach x3  
  154  12:45  Roach  
  154  12:46  Roach  
  162  13:03  Roach x7  
  162  13:04  Roach  
  162  13:05  Zergling x8  
  176  13:17  Roach x2  
  176  13:18  Roach x4  
  186  13:23  Queen  
  186  13:26  Roach x3  
  168  13:58  Roach  
  168  13:59  Roach x13  
  150  14:39  Hatchery  
Tags
 
Add a new tag
Caveats
  • Supply blocks, unpowered buildings, or Contaminate may cause inaccurate times.
  • Supply counts are checked every 10 seconds.